 Dungeon Crawl Stone Soup version 0.28.0 (webtiles) character file.

Game seed: 10022560031602281183

322 HallandMoats the Shield-Bearer (level 6, -1/35 HPs)
             Began as a Gargoyle Fighter on Feb 7, 2022.
             Was a Believer of Hepliaklqana.
             Slain by a mummy (10 damage)
             ... in an ossuary.
             The game lasted 00:05:32 (3483 turns).

HallandMoats the Shield-Bearer (Gargoyle Fighter)   Turns: 3483, Time: 00:05:33

Health: -1/35      AC: 11    Str: 20    XL:     6   Next: 47%
Magic:  6/6        EV: 10    Int:  8    God:    Hepliaklqana [**....]
Gold:   97         SH:  5    Dex: 11    Spells: 5/5 levels left

rFire   . . .      SeeInvis .   a - +0 flail
rCold   . . .      Faith    .   c - +0 buckler
rNeg    + . .      Spirit   .   b - +0 scale mail
rPois   ∞          Reflect  .   (no helmet)
rElec   +          Harm     .   (no cloak)
rCorr   .          Rampage  .   (no gloves)
Will    .....                   (no boots)
Stlth   ..........              (no amulet)
HPRegen 0.11/turn               (no ring)
MPRegen 0.10/turn               (no ring)

@: no status effects
A: reduced essence, sickness immunity, AC +4, negative energy resistance 1,
electricity resistance, torment resistance 1, petrification resistance
a: Renounce Religion, Recall Ancestor, Ancestor Identity


You were in an ossuary.
You worshipped Hepliaklqana.
Hepliaklqana was pleased with you.
You visited 1 branch of the dungeon, and saw 4 of its levels.
You also visited: Ossuary.

You collected 125 gold pieces.
You spent 28 gold pieces at shops.

Inventory:

Hand Weapons
 a - a +0 flail (weapon)
Missiles
 l - a throwing net (quivered)
Armour
 b - a +0 scale mail (worn)
 c - a +0 buckler (worn)
Jewellery
 n - a +6 ring of strength
Scrolls
 f - a scroll of magic mapping {unknown}
 h - 2 scrolls of fear {unknown}
 j - a scroll of noise {unknown}
Potions
 d - 3 potions of might
 g - a potion of curing {unknown}
 i - a potion of degeneration {unknown}
 k - 4 potions of haste
 m - a potion of ambrosia {unknown}
 o - 3 potions of heal wounds {unknown}


   Skills:
 + Level 4.4 Fighting
 + Level 3.4 Maces & Flails
 + Level 4.5 Armour
 + Level 2.0 Dodging
 + Level 4.5 Shields


You had 5 spell levels left.
You didn't know any spells.
Your spell library contained the following spells:

 Spells                   Type           Power      Damage    Failure   Level
 Sting                    Tmut/Pois      0%         1d3       83%         1
 Blink                    Tloc           0%         N/A       93%         2
 Poisonous Vapours        Pois/Air       0%         N/A       93%         2
 Olgreb's Toxic Radiance  Pois           0%         N/A       100%        4
 Manifold Assault         Tloc           0%         N/A       100%        5
 Storm Form               Tmut/Air       0%         N/A       100%        7


Dungeon Overview and Level Annotations

Branches:
Dungeon (4/15)            Ossuary (1/1)
 Temple: D:4-7

Altars:
Hepliaklqana

Shops:
D:3 *


Innate Abilities, Weirdness & Mutations

Your life essence is reduced to manifest your ancestor. (-10% HP)
You are immune to sickness and miasma.
Your stone body is resilient. (AC +4)
You are immune to poison.
You resist negative energy. (rN+)
You are resistant to electric shocks. (rElec)
You are resistant to unholy torment.
You are immune to petrification.


Message History

The centaur zombie hits O'Goyle but does no damage.
The centaur zombie kicks O'Goyle.
You barely miss the hobgoblin zombie.
The hobgoblin zombie is moderately damaged.
O'Goyle hits the centaur zombie with a +0 dagger of draining!
The hobgoblin zombie closely misses you.
The centaur zombie hits O'Goyle.
The centaur zombie closely misses O'Goyle.
You hit the hobgoblin zombie.
The hobgoblin zombie is heavily damaged.
O'Goyle gestures at the centaur zombie while chanting.
The centaur zombie seems to slow down.
The hobgoblin zombie hits you but does no damage.
The centaur zombie hits O'Goyle.
The centaur zombie barely misses O'Goyle.
O'Goyle hits the centaur zombie with a +0 dagger of draining.
You barely miss the hobgoblin zombie.
The hobgoblin zombie is heavily damaged.
The hobgoblin zombie closely misses you.
O'Goyle points at the centaur zombie and mumbles some strange words.
The centaur zombie resists with significant effort.
The centaur zombie barely misses O'Goyle.
The centaur zombie misses O'Goyle.
You barely miss the hobgoblin zombie.
The hobgoblin zombie is heavily damaged.
The hobgoblin zombie hits you but does no damage.
O'Goyle hits the centaur zombie with a +0 dagger of draining.
The mummy hits O'Goyle!
O'Goyle is destroyed!
You hit the hobgoblin zombie but do no damage.
The hobgoblin zombie is heavily damaged.
The hobgoblin zombie hits you but does no damage.
The centaur zombie barely misses you. x2
Unknown command.
Unknown command.
You hit the hobgoblin zombie.
You destroy the hobgoblin zombie!
The centaur zombie barely misses you. You block the centaur zombie's attack.
The mummy hits you!
You die...

## #+## ### ...#....#
#.. ...#....# #..
...#....# .. #.. #..#
.......#....#.. #..#
####......#.....##
#..###.................
#..+.'@ZM..............
#..#.#.M......??!......
#..# #.......!!$!!.....
#..########..!$∩$?..###
#..'.#.......??$?!.....
#.R#.'........???......
#..#.#.................
#..###....'............
#..'.####......#......#


You could see 2 mummies and a centaur zombie (slow).

Vanquished Creatures
  An orc priest (D:3)
  An ogre zombie (Ossuary)
  3 mummies (Ossuary)
  6 gnolls (D:2)
  3 adder zombies (Ossuary)
  An adder skeleton (D:3)
  A worm (D:2)
  A dart slug (D:1)
  5 orcs
  5 endoplasms
  2 giant cockroaches
  4 goblins
  6 hobgoblins
  6 jackals
  3 quokkas
  5 ball pythons
  7 bats
  7 frilled lizards
  A goblin zombie (Ossuary)
  3 hobgoblin zombies (Ossuary)
  6 kobolds
  2 kobold zombies (Ossuary)
  An orc zombie (Ossuary)
  3 quokka zombies (Ossuary)
  4 rats (D:1)
  A rat zombie (Ossuary)
88 creatures vanquished.

Vanquished Creatures (collateral kills)
  A centaur zombie (Ossuary)
  A mummy (Ossuary)
  A gnoll (D:2)
  An adder (D:2)
  2 worms
  4 jackals
  A bat (D:1)
  A hobgoblin zombie (Ossuary)
  2 kobold zombies (Ossuary)
  A quokka zombie (Ossuary)
  A rat (D:3)
16 creatures vanquished.

Vanquished Creatures (others)
  2 hexers (Ossuary)
  2 ancestors
  8 plants (D:3)
12 creatures vanquished.

Grand Total: 116 creatures vanquished

Notes
Turn   | Place    | Note
-------+----------+-------------------------------------------
     0 | D:1      | HallandMoats the Gargoyle Fighter began the quest for the
                  | Orb.
     0 | D:1      | Reached XP level 1. HP: 14/14 MP: 1/1
   238 | D:1      | Reached XP level 2. HP: 19/19 MP: 2/2
   656 | D:1      | Found a faded altar of an unknown god.
   660 | D:1      | Prayed at the altar of an unknown god.
   660 | D:1      | Became a worshipper of Hepliaklqana the Forgotten
   660 | D:1      | Reached * piety under Hepliaklqana
   697 | D:1      | Reached XP level 3. HP: 20/20 MP: 3/3
  1258 | D:2      | Reached skill level 1 in Dodging
  1260 | D:2      | Reached XP level 4. HP: 25/26 MP: 4/4
  1438 | D:1      | Reached XP level 5. HP: 7/29 MP: 5/5
  2007 | D:3      | Found Uwkej's General Store.
  2018 | D:3      | Bought a scroll of identify for 28 gold pieces
  3029 | D:4      | Reached ** piety under Hepliaklqana
  3030 | D:4      | Remembered your ancestor O'Goyle as a hexer
  3041 | D:4      | Found a sand-covered staircase.
  3120 | Ossuary  | Entered an ossuary
  3258 | Ossuary  | Reached XP level 6. HP: 35/35 MP: 6/6
  3483 | Ossuary  | Slain by a mummy

Illustrated notes

Levels and vault maps discovered:
D:1:      heliophobic_arrival_henge, layout_basic,
          hellmonk_ecumenical_altar_heavens_door, kennysheep_small_spiral
D:2:      layout_rooms
D:3:      layout_basic, serial_shops,
          nicolae_shop_temple_entry_statues_fountains, chequers_big_river
D:4:      layout_basic, nicolae_overflow_crystal_walls,
          minmay_temple_entry_sparse_star, enter_ossuary_1, grunt_decor_fettered
Ossuary:  ossuary_boxes_badplayer

Skill      XL: |  1  2  3  4  5  6 |
---------------+-------------------+-----
Dodging        | 1 2 |  2.0
Armour         | 4 |  4.5
Fighting       | 4 |  4.4
Shields        | 4 |  4.5
Maces & Flails | 3 |  3.4

Action                   |  1- 3 |  4- 6 || total
-------------------------+-------+-------++-------
Melee: Flail             |   121 |   231 ||   352
Invok: Ancestor Identity |     2 |       ||     2
       Ancestor Life: He |       |     1 ||     1
  Use: Scroll            |       |     3 ||     3
 Stab: Distracted        |       |     1 ||     1
Armor: Scale mail        |    72 |   151 ||   223
Dodge: Dodged            |    68 |   143 ||   211
Block: Buckler           |    17 |    50 ||    67
